 Dungeon Crawl Stone Soup version 0.18.1-48-g4cf74bf (webtiles) character file.

232 MovingMist the Skirmisher (level 6, 0/58 HPs)
             Began as a Naga Fighter on Aug 20, 2016.
             Slain by Pikel
             ... wielding a +2 whip of flaming
              (4 damage)
             ... on level 4 of the Dungeon.
             The game lasted 00:08:37 (3208 turns).

MovingMist the Skirmisher (Naga Fighter)            Turns: 3208, Time: 00:08:39

Health: 0/58       AC:  5    Str: 19    XL:     6   Next: 4%
Magic:  6/6        EV:  5    Int:  8    God:
Gold:   128        SH: 11    Dex: 12    Spells: 0 memorised, 5 levels left

rFire  + . .     SeeInvis +     a - +0 trident
rCold  x . .     Gourm    .     b - +0 scale mail
rNeg   . . .     Faith    .     c - +2 shield
rPois  +         Spirit   .     (no helmet)
rElec  .         Dismiss  .     (no cloak)
rCorr  .         Reflect  .     (no gloves)
SustAt .         Harm     .     (no barding)
MR     .....                    (no amulet)
Stlth  +.........               q - ring of stealth
                                u - ring of fire

@: very slow, not resistant to hostile enchantments, very unstealthy
A: see invisible, deformed body, poison resistance, slowness 2, slow metabolism
1, spit poison 2, AC +2
a: Spit Poison


You were on level 4 of the Dungeon.
You were hungry.

You visited 1 branch of the dungeon, and saw 4 of its levels.

You collected 128 gold pieces.

Inventory:

Hand Weapons
 a - a +0 trident (weapon)
Armour
 b - a +0 scale mail (worn)
 c - a +2 shield (worn)
Jewellery
 g - an uncursed ring of wizardry
 q - a ring of stealth (right hand)
 u - a ring of fire (left hand)
Scrolls
 j - 2 scrolls of fog
 r - a scroll of blinking {unknown}
 s - a scroll of amnesia {unknown}
Potions
 d - a potion of might
 e - 3 potions of curing {unknown}
 k - a potion of mutation {unknown}
 l - a potion of ambrosia {unknown}
 m - a potion of lignification {unknown}
 o - a potion of cancellation {unknown}
Comestibles
 f - 4 bread rations
 h - a royal jelly
 i - 4 beef jerkies
 n - a slice of pizza
 p - a meat ration
 t - 3 fruits


   Skills:
 + Level 4.3 Fighting
 + Level 3.1 Polearms
 + Level 3.1 Armour
 + Level 3.6 Shields


You had 5 spell levels left.
You didn't know any spells.

Dungeon Overview and Level Annotations

Branches:
Dungeon (4/15)
 Temple: D:4-7

Altars:
Nemelex Xobeh
Ru

Annotations:
D:4 Pikel


Innate Abilities, Weirdness & Mutations

You cannot wear boots.
Your serpentine skin is tough (AC +2).
You have supernaturally acute eyesight.
Armour fits poorly on your strangely shaped body.
Your system is resistant to poisons.
You cover ground very slowly.
You have a slow metabolism.
You can spit poison.


Message History

The slave completely misses you. You block the slave's attack.
The slave hits you. You block the slave's attack.
Pikel hits you with a whip of flaming.
You closely miss Pikel.
The slave hits you but does no damage. x3
The slave hits you. You block Pikel's attack.
You hit Pikel but do no damage. The slave hits you!
The slave barely misses you. The slave hits you! You block the slave's attack.
Pikel hits you with a whip of flaming. You block the slave's attack. x2
You closely miss Pikel. You block the slave's attack. x2
Pikel completely misses you. The slave hits you but does no damage.
The slave hits you. The slave completely misses you. The slave hits you!
* * * LOW HITPOINT WARNING * * *
You barely miss Pikel. Pikel hits you but does no damage. The slave hits you.
* * * LOW HITPOINT WARNING * * *
The slave hits you.
* * * LOW HITPOINT WARNING * * *
The slave hits you.
* * * LOW HITPOINT WARNING * * *
You block the slave's attack. Pikel hits you with a whip of flaming.
You die...

### ....# #≈≈
#....+.#..
####≈#####....#.#.#
..≈≈≈≈≈.....# #.#.#
...≈≈≈......###.#.#
#...............#.#
###....+........#.# ##
#..###...####p#.##....
#..# #..<>...K@.......
#..# #.##....ppp......
.##..#
#.########.##.###
.##..###.### .# #
.##......... .#
.##.####.### .# .##.#
... .# .##'#.##.# +#
...........


You could see Pikel and 4 slaves.

Vanquished Creatures
  Ijyb (D:3)
  A worker ant zombie (D:3)
  10 adders
  3 worms
  5 dart slugs
  4 giant geckos (D:3)
  An orc (D:3)
  2 ball pythons (D:2)
  2 giant cockroaches
  9 goblins
  7 hobgoblins
  12 jackals
  9 bats
  5 giant newts
  4 kobolds
  A quokka skeleton (D:4)
  9 rats
85 creatures vanquished.

Notes
Turn   | Place    | Note
--------------------------------------------------------------
     0 | D:1      | MovingMist the Naga Fighter began the quest for the Orb.
     0 | D:1      | Reached XP level 1. HP: 21/21 MP: 1/1
    54 | D:1      | Reached XP level 2. HP: 11/28 MP: 2/2
   580 | D:1      | Reached XP level 3. HP: 29/34 MP: 3/3
  1249 | D:2      | Reached XP level 4. HP: 26/44 MP: 4/4
  1598 | D:2      | Reached skill level 4 in Fighting
  1658 | D:2      | Found a sparkling altar of Nemelex Xobeh.
  1895 | D:2      | Reached XP level 5. HP: 36/50 MP: 5/5
  2414 | D:3      | Found a sacrificial altar of Ru.
  2543 | D:3      | Noticed Ijyb
  2553 | D:3      | Killed Ijyb
  2819 | D:3      | Reached XP level 6. HP: 56/58 MP: 6/6
  3199 | D:4      | Noticed a slave
  3200 | D:4      | Noticed a slave
  3201 | D:4      | Noticed Pikel
  3201 | D:4      | Noticed a slave
  3202 | D:4      | Noticed a slave
  3208 | D:4      | Slain by Pikel

Skill      XL: |  1  2  3  4  5 |
---------------+----------------+-----
Fighting       | 4 |  4.3
Armour         | 3 |  3.1
Shields        | 3 |  3.6
Polearms       | 3 |  3.1

Action                   |  1- 3 |  4- 6 || total
-------------------------+-------+-------++-------
Melee: Trident           |   148 |   217 ||   365
  Use: Scroll            |     3 |     3 ||     6
  Eat: Chunk             |     1 |     5 ||     6
Armor: Scale mail        |    49 |    90 ||   139
Dodge: Dodged            |    24 |    38 ||    62
Block: Shield            |    60 |   120 ||   180
